[Event "Early-Titled-Tuesday-Blitz-May-07-2024"]
[Site "Chess.com"]
[Date "2024.05.07"]
[Round "8"]
[White "AsaHoffmann"]
[Black "HeroWilczek"]
[Result "0-1"]
[WhiteElo "2408"]
[BlackElo "2572"]
[TimeControl "180+1"]
[EndTime "9:35:37 PDT"]
[Termination "HeroWilczek won on time"]

1. d4 d5 2. Bg5 h6 3. Bh4 g5 4. Bg3 Bg7 5. e3 Nd7 6. Bd3 Nf8 7. Nd2 Ng6 8. Ngf3 Nf6 9. c3 O-O 10. e4 dxe4 11. Nxe4 Nxe4 12. Bxe4 f5 13. Bc2 Qe8 14.
h3 e5 15. dxe5 Bxe5 16. Bxe5 Nxe5 17. O-O Nxf3+ 18. Qxf3 Qc6 19. Qxc6 bxc6 20. Rfe1 Kf7 21. Rad1 Be6 22. Bb3 Bxb3 23. axb3 Rfd8 24. b4 Rxd1 25. Rxd1 Ke6 26. Ra1 Kd5 27. Kf1 Kc4 28. Ke2 Kb3 29. Ra6 Kxb2 30. Rxc6 Re8+ 31. Kf3 Re7 32. c4 Kb3 33. b5 Kb4 34. g3 h5 35. h4 g4+ 36.
Kf4 Re4+ 37. Kxf5 Rxc4 38. Ra6 Rc5+ 39. Kg6 Kxb5 40. Rxa7 Kb6 41. Ra2 Rd5 42. Kf6 c5 43. Ke6 Rd3 44. Kf5 c4 45. Kg5 Rd5+ 46. Kf4 Kb5 47.
Ke4 Rd8 48. Ra7 c3 49. Rc7 Kb4 50. Kf4 Kb3 51. f3 gxf3 52. Kxf3 c2 53. g4 hxg4+ 54. Kxg4 Rd4+ 55. Kg5 Rc4 56. Rb7+ Kc3 57. Rf7 c1=Q+ 58. Kg6 Rg4+ 59. Kh5 Rf4 60. Rxf4 Qxf4 61. Kg6 Qxh4 0-1

[Event "Early-Titled-Tuesday-Blitz-May-07-2024"]
[Site "Chess.com"]
[Date "2024.05.07"]
[Round "8"]
[White "LileKoridze"]
[Black "biveklama"]
[Result "0-1"]
[WhiteElo "2383"]
[BlackElo "2537"]
[TimeControl "180+1"]
[EndTime "9:35:38 PDT"]
[Termination "biveklama won by resignation"]

1. d4 d5 2. c4 c6 3. Nf3 Nf6 4. e3 Bg4 5. Be2 e6 6. Nbd2 Nbd7 7. O-O Bd6 8. h3 Bh5 9. Bd3 e5 10. cxd5 Nxd5 11. Nc4 Bc7 12. dxe5 Bxf3 13. Qxf3 Nxe5 14.
Nxe5 Bxe5 15. Bc4 Nf6 16. Rd1 Qe7 17. e4 O-O 18. Rb1 Rfd8 19. Bg5 h6 20. Bxf6 Bxf6 21.
b3 Bd4 22. Rd2 Rd6 23. Rbd1 Rad8 24. Kh1 b5 25. Bf1 a6 26. Rc2 g5 27. Rdc1 c5 28. Rd2 Kg7 29. Rcd1 Qe5 30. g3 Rf6 31. Qe2 Rdd6 32. f4 gxf4 33. Qg4+ Rg6 34. Qxf4 Qe7 35. b4 Rdf6 36. Qh4 Be5 37. Rd7 Qe6 38. bxc5 Bxg3 39. Qh5 Qxe4+ 40. Bg2 Qe3 41. c6 Bf4 42. Qf3 Qxf3 43.
Bxf3 Rg3 44. Bg4 Rc3 45. Rf1 Rcxc6 46. Rd4 Bg5 47. Rdf4 Rxf4 48. Re1 Rcf6 49. Rf1 Rxf1+ 50. Kg2 R1f2+ 51. Kg3 Re2 52. Bxe2 Rd6 53. Bd3 Rd4 54.
Bf5 Ra4 55. Bb1 Ra3+ 56. Kg4 Ra4+ 57. Kf5 Rb4 58. Ke5 Rxb1 0-1

[Event "Early-Titled-Tuesday-Blitz-May-07-2024"]
[Site "Chess.com"]
[Date "2024.05.07"]
[Round "8"]
[White "GMSrinath"]
[Black "Cipy77"]
[Result "1-0"]
[WhiteElo "2839"]
[BlackElo "2610"]
[TimeControl "180+1"]
[EndTime "9:35:42 PDT"]
[Termination "GMSrinath won by resignation"]

1. Nf3 d5 2. e3 Nf6 3. c4 c6 4. d4 Bf5 5. Nc3 e6 6. Bd3 Bxd3 7. Qxd3 Nbd7 8. O-O Be7 9. e4 dxe4 10. Nxe4 Nxe4 11.
Qxe4 Nf6 12. Qe2 O-O 13. Rd1 Qc7 14. h3 Rfd8 15. b3 a5 16. a3 Rd7 17. Bb2 Rad8 18. Ne5 Rd6 19. Rd3 c5 20. Rad1 cxd4 21. Bxd4 h6 22. Ng4 Nxg4 23. Qxg4 Bf8 24. Be5 Rxd3 25. Rxd3 Qe7 26. Rg3 f6 27. Bc3 e5 28. Bxa5 Rd4 29. Qf3 Qxa3 30. Bc3 Qc1+ 31. Kh2 Rd1 32. Rg4 Rh1+ 33.
Kg3 e4 34. Qxf6 Bd6+ 35. Kh4 Be7 36. Qxe7 Qxc3 37. Qe8+ Kh7 38. Qxe4+ Kg8 39. Qe6+ Kh8 40. Qe8+ Kh7 41. Qg6+ Kh8 42. Re4 Qf6+ 43. Qxf6 gxf6 44.
Re8+ Kg7 45. Re7+ Kg6 46. Rxb7 Re1 47. g4 Re4 48. Kg3 f5 49. Rb6+ Kg7 50. gxf5 Rd4 51. f3 Rd2 52. b4 Rc2 53. c5 Rc4 54. h4 Kf7 55. h5 Kg7 56. Kf2 Kf7 57. Ke3 Kg7 58.
f4 Kf7 59. c6 Ke7 60. b5 Kd6 61. Rb7 Kd5 62. c7 Rc3+ 63. Kd2 Rc5 64. b6 Kc6 65. c8=Q+ 1-0

[Event "Early-Titled-Tuesday-Blitz-May-07-2024"]
[Site "Chess.com"]
[Date "2024.05.07"]
[Round "8"]
[White "NastyaHn"]
[Black "VacheH009"]
[Result "0-1"]
[WhiteElo "2473"]
[BlackElo "2579"]
[TimeControl "180+1"]
[EndTime "9:35:42 PDT"]
[Termination "VacheH009 won on time"]

1. Nc3 d5 2. e4 dxe4 3. Nxe4 Nd7 4. Nf3 Ngf6 5. Nxf6+ Nxf6 6. d4 Bf5 7. Bc4 e6 8. c3 h6 9. Bd3 Bxd3 10. Qxd3 Be7 11.
Be3 Qd5 12. Ne5 O-O 13. O-O Rfd8 14. Rfd1 c5 15. h3 Rac8 16. Nf3 c4 17. Qe2 b5 18. Bf4 Qe4 19. Qd2 Nd5 20. Bg3 Bf6 21. a3 a5 22.
Re1 Qg6 23. Be5 Rd7 24. Bxf6 Qxf6 25. Ne5 Rb7 26. Qe2 Qg5 27. Nf3 Qg6 28. Ne5 Qg5 29.
Nf3 Qh5 30. Rac1 Rbc7 31. Qe4 b4 32. axb4 axb4 33. cxb4 Nxb4 34. Ne5 Nd5 35. Rc2 c3 36. bxc3 Nxc3 37. Qd3 Qg5 38. Nf3 Qf4 39. Rec1 Nd5 40. Rxc7 Rxc7 41. Rxc7 Qxc7 42. g3 g6 43. h4 Qc1+ 44.
Kg2 Qb2 45. Qe4 Nc3 46. Qe5 Nd1 47. Qe1 Qc2 48. Kf1 Qd3+ 49. Kg2 Qc3 50. Qxc3 Nxc3 51.
Ne5 Kf8 52. Kf3 Ke7 53. Ke3 Nd5+ 54. Ke4 Nf6+ 55. Ke3 Nd5+ 56. Ke4 Nb4 57. Nc6+ Nxc6 0-1

[Event "Early-Titled-Tuesday-Blitz-May-07-2024"]
[Site "Chess.com"]
[Date "2024.05.07"]
[Round "8"]
[White "Witik"]
[Black "ubdip"]
[Result "1/2-1/2"]
[WhiteElo "2835"]
[BlackElo "2521"]
[TimeControl "180+1"]
[EndTime "9:35:45 PDT"]
[Termination "Game drawn by repetition"]

1. d4 Nf6 2. Nf3 c5 3. d5 d6 4. Nc3 a6 5. a4 g6 6. e4 Bg7 7. Be2 O-O 8. Nd2 e6 9. Nc4 exd5 10. exd5 Nbd7 11. Nxd6 Nb6 12. Nxc8 Rxc8 13. O-O Nbxd5 14. Nxd5 Qxd5 15. Bf3 Qxd1 16. Rxd1 b6 17. Bf4 Nh5 18. Bd6 Rfe8 19. c3 Re6 20. Bb7 Rd8 21. Bg3 Rxd1+ 22.
Rxd1 Nxg3 23. hxg3 a5 24. Rd7 Bf8 25. Bd5 Rf6 26.
f4 Kg7 27. Bc4 h5 28. Kh2 Rf5 29. Rb7 Rf6 30. Kh3 Kg8 31. Kh2 Bh6 32. Bd3 h4 33. gxh4 Bxf4+ 34. g3 Bd2 35. Bc4 Kg7 36. g4 Rf2+ 37.
Kg3 Be1 38. Kh3 Rf3+ 39. Kg2 Rf4 40. Kh3 Rxc4 41. Rxb6 Re4 42. Rb5 Bf2 43. h5 Re2 44.
Rxa5 Rxb2 45. hxg6 Kxg6 46. g5 Kxg5 47. Ra7 Kg6 48. Kg4 f6 49. Kf3 Bg1 50. Ke4 Ra2 51.
c4 Rc2 52. Kd5 Rd2+ 53. Kc6 f5 54. a5 f4 55. a6 f3 56. Ra8 f2 57. Rf8 Ra2 58.
Kb7 Kg5 59. a7 Kg4 60. a8=Q Rxa8 61. Kxa8 Kg3 62. Kb7 Kg2 63. Rg8+ Kf3 64. Rf8+ Ke2 65. Re8+ Kd2 66. Rf8 Ke2 67. Re8+ Kd2 68. Rf8 Ke2 1/2-1/2

[Event "Early-Titled-Tuesday-Blitz-May-07-2024"]
[Site "Chess.com"]
[Date "2024.05.07"]
[Round "8"]
[White "Caterpiller35"]
[Black "Barbix1"]
[Result "1/2-1/2"]
[WhiteElo "2478"]
[BlackElo "2279"]
[TimeControl "180+1"]
[EndTime "9:35:46 PDT"]
[Termination "Game drawn by stalemate"]

1. e4 c5 2. Nf3 e6 3. d4 cxd4 4. Nxd4 Nf6 5. Nc3 Nc6 6. Ndb5 d6 7. Bf4 e5 8. Bg5 a6 9. Na3 b5 10. Nd5 Be7 11. Bxf6 Bxf6 12. c4 b4 13. Nc2 O-O 14. g3 a5 15. b3 g6 16. h4 Bg7 17. h5 Be6 18. hxg6 fxg6 19. Nce3 Nd4 20. Be2 Ra7 21.
Bg4 Bxg4 22. Qxg4 Nf3+ 23. Kf1 Raf7 24. Nd1 Qg5 25. N5e3 Qxg4 26. Nxg4 Nd2+ 27. Ke2 Nxe4 28. Rh2 h5 29. Nge3 Ng5 30. Nd5 Nf3 31. Rh1 Nd4+ 32. Kd2 Rf3 33. N5e3 Bh6 34. Re1 Kg7 35. a3 R3f7 36. Rb1 Nf3+ 37. Ke2 Nxe1 38. Kxe1 bxa3 39. Ra1 Ra7 40. Rxa3 Rb8 41. Nd5 Kf7 42. N1c3 Bc1 43. Ra1 Bb2 44. Rd1 Rxb3 45. Rd3 a4 46. Rf3+ Kg7 47. Ne4 Rxf3 48. Nd2 Rd3 49. Ke2 Rd4 50. Nb4 Bc3 51. Nc6 Ra6 52. Nxd4 Bxd4 53. Ne4 a3 54.
Nd2 a2 55. Nb3 a1=Q 56. Nxa1 Rxa1 57. Kd3 Ra2 58. c5 Rxf2 59. cxd6 Rf8 60. d7 Rd8 61. Ke4 Rxd7 62. g4 Ra7 63. Kd3 hxg4 64. Ke4 g3 65.
Kf3 Kf6 66. Kxg3 Kf5 67. Kh4 Ra3 1/2-1/2

[Event "Early-Titled-Tuesday-Blitz-May-07-2024"]
[Site "Chess.com"]
[Date "2024.05.07"]
[Round "8"]
[White "Nitzan_Steinberg"]
[Black "Oleksandr_Bortnyk"]
[Result "1/2-1/2"]
[WhiteElo "2938"]
[BlackElo "3061"]
[TimeControl "180+1"]
[EndTime "9:35:47 PDT"]
[Termination "Game drawn by repetition"]

1. e4 Nf6 2. e5 Nd5 3. d4 d6 4.
Nf3 dxe5 5. Nxe5 c6 6. Bc4 Nd7 7. Nf3 N7f6 8. O-O Bg4 9. h3 Bxf3 10. Qxf3 Nb6 11. Qd3 Nxc4 12. Qxc4 e6 13. Rd1 Be7 14.
Qe2 O-O 15. c4 Qa5 16. Nc3 Rfd8 17. Be3 Rd7 18. a3 Rad8 19. Rd2 Bb4 20. Rc2 Bxc3 21. Rxc3 e5 22. dxe5 Qxe5 23. Re1 b6 24. Rc2 Qf5 25. Rd2 h6 26. Rxd7 Rxd7 27. Bd2 Rd4 28. Bc3 Re4 29. Qf1 Rxe1 30. Qxe1 Ne4 31. Qe3 c5 32. b3 a5 33. a4 Ng5 34. Qe5 Qg6 35. Kh2 Ne4 36. Be1 Nd6 37. f3 Nf5 38. Bf2 h5 39. h4 Nd6 40. Bg3 Nf5 41. Bf2 Kh7 42. Qe4 Qd6+ 43. Kh3 g6 44. g4 Nh6 45.
gxh5 Nf5 46. hxg6+ fxg6 47. h5 Qd1 48. hxg6+ Kxg6 49. Qe6+ Kg5 50. Be3+ Nxe3 51. Qxe3+ Kf5 52. Qe4+ Kf6 53.
Qc6+ Ke5 54. Qe4+ Kf6 55. Qe3 Kf5 56. Kg3 Qh1 57. Qe4+ Kf6 58. Qc6+ Kf5 59. Qd5+ Kf6 60. Qd8+ Kf5 61. Qc8+ Kf6 62. Qf8+ Kg6 63. Qg8+ Kf6 64. Qd8+ Kf5 65. Qd3+ Kf6 66. Qd6+ Kf5 67. Qd5+ Kf6 68.
Qc6+ Kf5 69. Qd5+ 1/2-1/2

[Event "Early-Titled-Tuesday-Blitz-May-07-2024"]
[Site "Chess.com"]
[Date "2024.05.07"]
[Round "8"]
[White "DeArron_Fox"]
[Black "vaishali2001"]
[Result "1-0"]
[WhiteElo "2545"]
[BlackElo "2686"]
[TimeControl "180+1"]
[EndTime "9:35:48 PDT"]
[Termination "DeArron_Fox won by checkmate"]

1. d4 Nf6 2. c4 g6 3. Nc3 Bg7 4.
e4 d6 5. f3 O-O 6. Be3 c5 7.
Nge2 Nc6 8. d5 Ne5 9. Ng3 h5 10.
Be2 e6 11. Bg5 Qa5 12. O-O exd5 13. cxd5 a6 14. a4 Bd7 15. h3 c4 16. Be3 Rfe8 17. Nh1 Qb4 18. Bd4 b5 19. axb5 axb5 20. Rxa8 Rxa8 21.
Nf2 Bc8 22. f4 Ned7 23. e5 Ne8 24. e6 Ndf6 25. exf7+ Kxf7 26. Nfe4 Bf5 27. Ng5+ Kg8 28. g4 hxg4 29. hxg4 Bd3 30. Bxd3 cxd3 31. Qxd3 Nxg4 32. Bxg7 Kxg7 33. Re1 Nef6 34. Re7+ Kf8 35. Rf7+ Ke8 36. Rxf6 Qc5+ 37. Kg2 Qf2+ 38. Kh3 Nxf6 39. Qxg6+ Kd8 40. Qxf6+ Kc7 41. Qe7+ Kb6 42. Qxd6+ Ka7 43. Qc7+ Ka6 44. Qc6+ Ka5 45. Qxa8+ Kb4 46. Qa3+ Kc4 47. Qd6 Qf1+ 48. Kg4 Qg2+ 49. Kf5 Qc2+ 50. Kf6 Qxb2 51. Qe5 b4 52. Nce4 Qh2 53. d6 Qh8+ 54. Ke7 Qb8 55. d7 Qa7 56. Nd6+ Kb3 57. Qd5+ Kb2 58. Nb7 b3 59. d8=Q Qe3+ 60. Ne6 Ka1 61. Qd4+ Qxd4 62. Qxd4+ b2 63. Qxb2+ Kxb2 64. f5 Kc3 65. f6 Kb4 66. f7 Kb5 67. f8=Q Ka6 68. Nd6 Ka7 69. Qd8 Ka6 70. Qb8 Ka5 71. Qb5# 1-0

[Event "Early-Titled-Tuesday-Blitz-May-07-2024"]
[Site "Chess.com"]
[Date "2024.05.07"]
[Round "8"]
[White "vanyakuba"]
[Black "Nf3c5"]
[Result "1-0"]
[WhiteElo "2450"]
[BlackElo "2595"]
[TimeControl "180+1"]
[EndTime "9:35:51 PDT"]
[Termination "vanyakuba won by resignation"]

1. e4 c5 2. c3 Nf6 3. e5 Nd5 4. g3 d6 5. exd6 e5 6. Bg2 Qxd6 7. Ne2 Nc6 8. O-O Nf6 9. d4 cxd4 10. cxd4 exd4 11. Bf4 Qb4 12. Bxc6+ bxc6 13. Nxd4 Qc4 14. Re1+ Be6 15. Nxe6 fxe6 16. Nd2 Qd5 17. Qe2 Bb4 18. Qxe6+ Qxe6 19. Rxe6+ Kd7 20. Re2 Rhe8 21. Rxe8 Rxe8 22. Nc4 Nd5 23. Rd1 Kc8 24. Be5 g6 25. a3 Bf8 26.
Bd6 Bg7 27. Bc5 Kc7 28. Bxa7 Re2 29. b4 Ra2 30. Bc5 Bc3 31. Kg2 g5 32. g4 Kb7 33.
Kf3 Ka6 34. Be3 h6 35. h3 Kb5 36. Nd6+ Ka4 37. Ne4 Kxa3 38. Rxd5 cxd5 39. Nxc3 Rc2 40. Nxd5 Ka4 41. Ke4 Kb5 42. Bc5 Re2+ 43. Kf3 Re1 44. Ne3 Rh1 45. Kg2 Ra1 46. Nf5 Ra6 47.
Kg3 Kc4 48. h4 Kd5 49. h5 Ke5 50.
f3 Kd5 51. Bf8 Ra1 52. Bxh6 Rg1+ 53. Kf2 Rb1 54. Bxg5 Rxb4 55. h6 Ke6 56. Kg3 Kf7 57.
Bf4 Kg6 58. Nh4+ Kh7 59. Ng2 Rb2 60. Ne3 Rb1 61. Nf5 Rg1+ 62. Kf2 Ra1 63. g5 Ra2+ 64.
Kg3 Ra5 65. Nh4 Ra6 66. g6+ Kh8 67. Be5+ Kg8 68. h7+ Kf8 69. h8=Q+ Ke7 70. Qg7+ 1-0

[Event "Early-Titled-Tuesday-Blitz-May-07-2024"]
[Site "Chess.com"]
[Date "2024.05.07"]
[Round "8"]
[White "Casablanca"]
[Black "Iball95"]
[Result "1/2-1/2"]
[WhiteElo "2725"]
[BlackElo "2911"]
[TimeControl "180+1"]
[EndTime "9:35:52 PDT"]
[Termination "Game drawn - insufficient material"]

1. d4 d5 2. c4 e6 3. Nf3 Nf6 4. g3 c5 5. cxd5 exd5 6. Bg2 Nc6 7. O-O Be7 8. Nc3 O-O 9. Bf4 c4 10. Ne5 Be6 11. Qd2 Rc8 12. Bg5 h6 13. Bxf6 Bxf6 14. f4 Ne7 15. e3 a6 16. a4 Re8 17. h3 Rb8 18. a5 b5 19. axb6 Qxb6 20. Ra2 Red8 21.
Rfa1 a5 22. Na4 Qb4 23. Nc3 Rb6 24. g4 g6 25. Bf3 Rdb8 26. Qg2 Qd6 27. Rd1 Rb3 28. Rd2 Qb4 29. Ra4 Qb6 30. Ra2 Qb4 31.
Ra4 Qb6 32. Ra2 Kh7 33. Kh2 Qb4 34. Ra4 Qb6 35. Ra2 Qc7 36. Re2 g5 37. Nxd5 Nxd5 38. Bxd5 gxf4 39. Qe4+ Kh8 40. Bxe6 Bxe5 41. Qxe5+ Qxe5 42. dxe5 f3 43. Rf2 fxe6 44. Rxa5 Rxb2 45. Kg3 Rxf2 46. Kxf2 Rc8 47. Ra2 Kg7 48. Kxf3 Kg6 49. Ke4 Kg5 50. Kf3 Kh4 51. Ra1 c3 52. Rc1 c2 53.
Kf4 Kxh3 54. g5 hxg5+ 55. Kxg5 Kg3 56. Kf6 Rc6 57. Rxc2 Rxc2 58. Kxe6 Kg4 59. Kd7 Kf5 60. e6 Rd2+ 61. Ke7 Rd3 62. Kf7 Rxe3 63. e7 Re4 64.
e8=Q Rxe8 65. Kxe8 1/2-1/2

[Event "Early-Titled-Tuesday-Blitz-May-07-2024"]
[Site "Chess.com"]
[Date "2024.05.07"]
[Round "8"]
[White "lluiss"]
[Black "jinxy2009"]
[Result "1/2-1/2"]
[WhiteElo "2221"]
[BlackElo "2266"]
[TimeControl "180+1"]
[EndTime "9:35:52 PDT"]
[Termination "Game drawn by repetition"]

1. Nf3 Nf6 2. d4 g6 3. g3 Bg7 4.
Bg2 O-O 5. O-O d5 6. c4 dxc4 7. Na3 c5 8. Nxc4 Nc6 9. dxc5 Be6 10. Nce5 Qc7 11. Nxc6 Qxc6 12. Be3 Rfd8 13. Nd4 Qa6 14.
Qc2 Bd5 15. c6 Bxg2 16. Kxg2 Rac8 17. Qb3 bxc6 18. Nf3 Qa5 19. Rfd1 Nd5 20. Bd4 Rb8 21. Qc4 Qb5 22. Qxb5 cxb5 23. Bxg7 Kxg7 24. Rd2 e6 25. Rad1 Rdc8 26. Ne5 Nb6 27. b3 Rc3 28. Nd7 Nxd7 29. Rxd7 a5 30. Ra7 Rc2 31. Rdd7 Rf8 32. Rxa5 Rxe2 33.
Rxb5 Rxa2 34. Rbb7 Rb2 35. b4 Kf6 36. b5 h5 37. h4 Ke5 38. Rxf7 Rxf7 39. Rxf7 Rxb5 40. Rg7 Kf6 41. Rg8 Rb3 42. Rf8+ Kg7 43. Rf3 Rb4 44.
Re3 Kf7 45. Rf3+ Ke7 46. Rd3 e5 47. Re3 Kf6 48. Rf3+ Ke6 49. Re3 Rb2 50. Ra3 Rc2 51. Re3 Kf5 52. Kf3 Rc4 53. Ra3 e4+ 54. Kg2 Rc5 55. Re3 Rd5 56. Ra3 Rd3 57. Ra5+ Kf6 58. Ra6+ Kf5 59. Ra5+ Kf6 60. Ra6+ Kg7 61. Re6 Rd4 62. Kf1 Kf7 63. Re5 Ra4 64. Ke2 Kf6 65.
Re8 Kf5 66. Rf8+ Ke6 67. Re8+ Kf7 68. Re5 Kf6 69. Re8 Kf7 70. Re5 1/2-1/2

[Event "Early-Titled-Tuesday-Blitz-May-07-2024"]
[Site "Chess.com"]
[Date "2024.05.07"]
[Round "8"]
[White "bazar-wokzal"]
[Black "Rodalquilar"]
[Result "0-1"]
[WhiteElo "2588"]
[BlackElo "2740"]
[TimeControl "180+1"]
[EndTime "9:35:54 PDT"]
[Termination "Rodalquilar won on time"]

1. e4 d5 2. exd5 Qxd5 3. Nc3 Qa5 4. Nf3 Nf6 5. d4 Bf5 6. Bd2 e6 7. Nb5 Qb6 8. c4 c6 9. c5 Qd8 10. Nc3 h6 11. Qb3 Qc8 12. Be2 Be7 13. O-O O-O 14.
Rfe1 Nbd7 15. Bf4 b6 16. cxb6 axb6 17. Rac1 Qb7 18. h3 Rfc8 19. Ne5 Nxe5 20. Bxe5 Nd5 21. Bf3 Qa6 22. a3 Bg5 23. Rcd1 Qa5 24. Ne4 Be7 25.
Nd6 Bxd6 26. Bxd6 Qa4 27. Qxa4 Rxa4 28. Be5 Rc4 29. Rc1 b5 30. b3 Rc2 31. a4 b4 32.
g4 Bg6 33. Bd6 Rc3 34. Kg2 Rxb3 35. Bxd5 exd5 36. a5 Be4+ 37. Kh2 Rb2 38. Kg3 b3 39.
Rc3 Bc2 40. Ra1 Ra8 41. a6 Ra2 42. Rxa2 bxa2 43. Ra3 Bb3 44. a7 Bc4 45. Bb8 Kf8 46. Kf4 Ke7 47. Ke3 Kd7 48. f4 Kc8 49. f5 f6 50. Kf4 Rxb8 51. axb8=Q+ Kxb8 52. h4 Kb7 53. Ke3 Kb6 54. Kd2 c5 55. Kc3 Kb5 56. dxc5 Kxc5 57.
Ra5+ Kd6 58. Ra7 Ke5 59. Kb2 d4 60. Rxg7 d3 61. g5 hxg5 62. hxg5 d2 63. Rd7 Bd5 0-1

[Event "Early-Titled-Tuesday-Blitz-May-07-2024"]
[Site "Chess.com"]
[Date "2024.05.07"]
[Round "8"]
[White "VD_coach"]
[Black "JJDAREK"]
[Result "0-1"]
[WhiteElo "2585"]
[BlackElo "2405"]
[TimeControl "180+1"]
[EndTime "9:35:57 PDT"]
[Termination "JJDAREK won by resignation"]

1. d4 d6 2. Nf3 g6 3. g3 Bg7 4.
Bg2 Nf6 5. O-O O-O 6. c4 c6 7. Nc3 a6 8. e4 b5 9. e5 Nfd7 10. e6 fxe6 11. Ng5 Nf6 12. Qe2 bxc4 13. Nxe6 Bxe6 14.
Qxe6+ Kh8 15. Qxc4 d5 16. Qe2 Nbd7 17. Re1 Re8 18. Bf4 Nh5 19. Be5 Nxe5 20. dxe5 e6 21. f4 Bf8 22. Rad1 Qb6+ 23. Kh1 Rab8 24. b3 Bb4 25.
Na4 Qa5 26. Rf1 c5 27. Nb2 Bc3 28. Nd3 c4 29. bxc4 dxc4 30. Nf2 Rbc8 31. Ne4 Bb4 32.
Rd7 Re7 33. Rfd1 c3 34. Rxe7 Bxe7 35. Qc2 Qb4 36. Nd6 Bxd6 37. exd6 Nf6 38. h3 Nd7 39. Rd3 Qb2 40. Qa4 c2 41. Rd1 c1=Q 42. Kh2 Qxd1 43.
Qxd1 Qb6 44. Qa1+ Kg8 45. f5 gxf5 46. Qd1 Qc5 47. Qh5 Qxd6 48. Qg5+ Kf8 49. Qh6+ Kg8 50. Qg5+ Kf7 51. Qh5+ Kg7 52. h4 Nf6 53. Qg5+ Kf7 54.
Qh6 Rc7 55. Bf3 Rc2+ 56. Kh3 Qd2 57. Bh5+ Nxh5 58. Qxh5+ Kg8 59. Qg5+ Qxg5 60. hxg5 Rxa2 61. g6 Rb2 62. gxh7+ Kxh7 63. Kh4 Kg7 64. Kg5 Kf7 65. Kf4 a5 66. Ke5 a4 67. Kd4 a3 68. Kc3 a2 69.
Kxb2 a1=Q+ 70. Kxa1 Kf6 71. Kb2 Kg5 72. Kc3 Kg4 73.
Kd2 Kxg3 74. Ke2 f4 75. Kf1 f3 76. Kg1 f2+ 77. Kf1 e5 78. Ke2 Kg2 79. Ke3 f1=Q 80.
Ke4 Qe2+ 81. Kd5 Kf3 0-1

[Event "Early-Titled-Tuesday-Blitz-May-07-2024"]
[Site "Chess.com"]
[Date "2024.05.07"]
[Round "8"]
[White "sudtirolese06"]
[Black "Skatchkov_V"]
[Result "0-1"]
[WhiteElo "2430"]
[BlackElo "2609"]
[TimeControl "180+1"]
[EndTime "9:36:01 PDT"]
[Termination "Skatchkov_V won by checkmate"]

1. d4 d5 2. Bf4 Nf6 3. e3 c5 4.
dxc5 e6 5. b4 a5 6. c3 b6 7.
Bxb8 Rxb8 8. Bb5+ Ke7 9. c6 Ne8 10. Ne2 Nd6 11. a4 g6 12. O-O Bg7 13. Nd2 axb4 14.
Rc1 bxc3 15. Nxc3 Qc7 16. Nb3 Rd8 17. Qf3 Kf8 18. Rfd1 Kg8 19. Nd4 Ra8 20. Nb3 Ba6 21. Bxa6 Rxa6 22. Nb5 Nxb5 23. axb5 Ra3 24. Nd4 Ra5 25.
Qe2 Rda8 26. g3 h5 27. e4 Ra2 28. Qe1 R8a4 29. exd5 Rxd4 30. d6 Rxd6 31. Rxd6 Qxd6 32.
c7 Ra8 33. c8=Q+ Rxc8 34. Rxc8+ Kh7 35. Qe2 Bd4 36. Rc6 Qd5 37. h4 Kg7 38. Kh2 Qf5 39. Rc2 Bc5 40. Kg2 Kh7 41. Rc4 Qd5+ 42. Qe4 Qd7 43. Qf3 Kg8 44. Ra4 e5 45. Qf6 Qb7+ 46.
Kh2 Bd4 47. Qc6 Qe7 48. Ra8+ Kg7 49. Qd5 Qf6 50. f4 exf4 51. gxf4 Qxf4+ 52. Kg2 Qg4+ 53. Kf1 Qd1+ 54. Kg2 Qe2+ 55. Kh3 Qf1+ 56. Kg3 Bf2+ 57. Kf3 Bc5+ 58. Ke4 Qe2+ 59. Kf4 Qf2+ 60. Ke4 Qg2+ 61. Ke5 Qg3+ 62. Ke4 Qe3# 0-1

[Event "Early-Titled-Tuesday-Blitz-May-07-2024"]
[Site "Chess.com"]
[Date "2024.05.07"]
[Round "8"]
[White "miragha_yev"]
[Black "Kostya0705"]
[Result "0-1"]
[WhiteElo "2820"]
[BlackElo "2593"]
[TimeControl "180+1"]
[EndTime "9:36:02 PDT"]
[Termination "Kostya0705 won by checkmate"]

1. Nf3 Nf6 2. b3 b5 3. Bb2 e6 4.
g3 Be7 5. Bg2 Bb7 6. O-O O-O 7.
Na3 a6 8. c4 bxc4 9. Nxc4 c5 10. d4 cxd4 11. Qxd4 Nc6 12. Qd2 d5 13. Nce5 Ne4 14.
Nxc6 Bxc6 15. Qf4 Bd6 16. Ne5 Bxe5 17. Qxe5 Nf6 18. Rac1 Rc8 19. Rfd1 Bb5 20. e3 Qa5 21. Qg5 h6 22. Qf4 Nd7 23. a4 Be2 24. Re1 Qd2 25. Qd4 Qxd4 26. Bxd4 Bd3 27. b4 e5 28. Bb2 Bc4 29.
Red1 Bb3 30. Rd3 Rxc1+ 31. Bxc1 Bxa4 32. Rxd5 Rc8 33. Bb2 Rc2 34. Bxe5 Rc1+ 35. Bf1 Bb5 36. Rxb5 axb5 37. Bd6 Rd1 38. Bf4 g5 39. Bc7 Rc1 40. Bd6 Rd1 41. Be7 f6 42. Kg2 Kf7 43. Bd8 Ne5 44. Bc7 Nc4 45. e4 Rb1 46. Ba5 Nxa5 47.
bxa5 Ke6 48. a6 b4 49. f4 gxf4 50. gxf4 Kd6 51. Bc4 Kc5 52. e5 fxe5 53. fxe5 Rc1 54. a7 Ra1 55. Bb3 Rxa7 56. e6 Re7 57. Kf3 Kd4 58. Kf4 Kc3 59. Bd5 Kd4 60. Ba2 Kc5 61.
Ke5 Re8 62. Kf6 Kd6 63. h4 Re7 64. h5 Ra7 65. Bb3 Rb7 66. Kg6 Re7 67. Kf6 Re8 68. Kf7 Re7+ 69. Kf6 Rc7 70. Kg6 Rc3 71. Bd1 Kxe6 72.
Kxh6 b3 73. Bg4+ Kf6 74. Bf3 Rxf3 75. Kh7 b2 76. h6 b1=Q+ 77. Kh8 Ra3 78. h7 Ra8# 0-1

[Event "Early-Titled-Tuesday-Blitz-May-07-2024"]
[Site "Chess.com"]
[Date "2024.05.07"]
[Round "8"]
[White "Rakhmanov_Aleksandr"]
[Black "santosalberto1987"]
[Result "1/2-1/2"]
[WhiteElo "2838"]
[BlackElo "2575"]
[TimeControl "180+1"]
[EndTime "9:36:02 PDT"]
[Termination "Game drawn by repetition"]

1. e4 e6 2. d4 d5 3. Nd2 c5 4. c3 Nc6 5. Ngf3 cxd4 6. cxd4 Qb6 7. Bd3 Nxd4 8. O-O Nxf3+ 9. Qxf3 Nf6 10. Re1 Be7 11. exd5 exd5 12. Nb3 Be6 13. Be3 Qb4 14. Nd4 O-O 15. Nxe6 fxe6 16. Qh3 Qg4 17. Bxh7+ Kh8 18. Bf5+ Qxh3 19. Bxh3 e5 20. Rad1 Bb4 21. Re2 Rae8 22.
a3 Bd6 23. Bxa7 d4 24. f4 exf4 25. Rxe8 Rxe8 26. Bxd4 Be5 27. Bxe5 Rxe5 28. Rd8+ Kh7 29. Bc8 Re2 30. b4 Ne4 31. Bf5+ Kh6 32. Bxe4 Rxe4 33. Rd7 b5 34. Rd5 Re3 35. Rxb5 Rxa3 36. h3 Ra2 37.
Rb6+ Kg5 38. Rb8 Kh4 39. Rg8 g5 40. Rg7 Rb2 41. Kh2 Kh5 42. Rh7+ Kg6 43. Rb7 f3 44. Kg3 fxg2 45. Kh2 Kf5 46. Rb8 Ke4 47. b5 Rb4 48. b6 Kf3 49. Rf8+ Ke4 50. Rf6 Rb2 51. Kg1 Ke5 52. Rg6 Kf5 53. Rc6 Kf4 54. Rc4+ Kg3 55.
Rc3+ Kh4 56. Rd3 Rxb6 57. Kxg2 Rb2+ 58. Kg1 Re2 59. Rc3 Rd2 60. Rb3 Rd4 61. Rc3 Rf4 62. Kg2 Ra4 63. Rb3 Ra2+ 64. Kg1 Kh5 65. Rc3 Rd2 66.
Rb3 Kg6 67. Ra3 Kf5 68. Rb3 Re2 69. Rc3 Kf4 70. Rb3 Rd2 71. Ra3 Re2 72. Rb3 Rd2 73. Ra3 Re2 74. Rb3 1/2-1/2

[Event "Early-Titled-Tuesday-Blitz-May-07-2024"]
[Site "Chess.com"]
[Date "2024.05.07"]
[Round "8"]
[White "tusplingher"]
[Black "lamomiajunior"]
[Result "0-1"]
[WhiteElo "2565"]
[BlackElo "2805"]
[TimeControl "180+1"]
[EndTime "9:36:06 PDT"]
[Termination "lamomiajunior won by checkmate"]

1. e4 c5 2. Nf3 d6 3. d4 cxd4 4. Nxd4 Nf6 5. Bd3 g6 6. O-O Bg7 7. c4 O-O 8. Nc3 Nc6 9. Nde2 Be6 10. b3 Rc8 11. h3 a6 12. Be3 Qa5 13. Rc1 b5 14. cxb5 axb5 15. Nxb5 Qxa2 16. Nbd4 Nxd4 17. Nxd4 Rxc1 18. Qxc1 Rc8 19. Qd1 Bd7 20. Qb1 Qa8 21. f3 e5 22. Ne2 d5 23. exd5 Nxd5 24. Bf2 Be6 25. Bc4 Bh6 26. Rd1 Rb8 27. Qe4 Nf4 28. Qxa8 Nxe2+ 29. Bxe2 Rxa8 30. Bc4 Bf5 31. g4 Be6 32.
Bxe6 fxe6 33. Bg3 Rb8 34. Bxe5 Rxb3 35. Rd8+ Kf7 36. Rd7+ Ke8 37. Rxh7 Be3+ 38. Kg2 Rb2+ 39. Kg3 Rc2 40. Rc7 Ra2 41. h4 Bf2+ 42. Kf4 Bxh4 43. Rc4 Re2 44. g5 Be1 45. Re4 Bd2+ 46. Kg4 Rg2+ 47.
Kh3 Rxg5 48. Bf6 Rh5+ 49. Kg4 Kf7 50. Bd8 Bh6 51. f4 Rd5 52. Bh4 Bg7 53. Bg3 Rd3 54. Re2 Bf6 55. Bf2 Be7 56. Bg3 Rd4 57. Bf2 Rc4 58.
Bg3 Bd6 59. Kf3 Kf6 60. Rd2 Rc6 61. Re2 Kf5 62. Kg2 Rc3 63. Rf2 Kg4 64. Bh2 Bc5 65. Re2 Re3 66. Rxe3 Bxe3 67. f5 exf5 68. Kf1 Bf4 69. Bg1 Kf3 70. Bb6 g5 71. Bd8 g4 72.
Bh4 Be3 73. Bf2 g3 74. Be1 g2# 0-1